 Dungeon Crawl Stone Soup version 0.22.1-2-g9c5b331 (webtiles) character file.

291 Lilu the Charmwright (level 6, -2/35 HPs)
             Began as a Deep Elf Skald on Nov 27, 2018.
             Killed from afar by an orc wizard (5 damage)
             ... with a puff of flame
             ... on level 3 of the Dungeon.
             The game lasted 00:15:54 (3557 turns).

Lilu the Charmwright (Deep Elf Skald)               Turns: 3557, Time: 00:15:56

Health: -2/35      AC:  9    Str:  8 (10) XL:     6   Next: 10%
Magic:  16/17      EV:  8    Int: 20 (23) God:
Gold:   135        SH:  0    Dex: 11 (14) Spells: 9/17 levels left

rFire    . . .     SeeInvis .   a - +0 falchion
rCold    . . .     Gourm    .   (no shield)
rNeg     . . .     Faith    .   q - +0 scale mail
rPois    .         Spirit   .   E - +0 helmet
rElec    .         Reflect  .   l - +0 cloak
rCorr    .         Harm     .   x - +0 pair of gloves
MR       .....                  (no boots)
Stlth    ..........             (no amulet)
HPRegen  0.11/turn              (no ring)
MPRegen  0.15/turn              (no ring)

@: brilliant, infused
A: no striking features
a: no special abilities


You were on level 3 of the Dungeon.
You were not hungry.

You visited 1 branch of the dungeon, and saw 3 of its levels.

You collected 135 gold pieces.

Inventory:

Hand Weapons
 a - a +0 falchion (weapon)
Missiles
 g - 5 needles of confusion
 h - 121 stones (quivered)
 j - 25 arrows
 w - 6 sling bullets
Armour
 e - a +0 ring mail
 l - a +0 cloak (worn)
 p - a +0 shield
 q - a +0 scale mail (worn)
 x - a +0 pair of gloves (worn)
 y - a +0 chain mail
 E - a +0 helmet (worn)
Jewellery
 c - an uncursed ring of protection from fire {unknown}
 t - an uncursed ring of wizardry {unknown}
 A - a cursed amulet of inaccuracy {unknown}
Scrolls
 k - a scroll of teleportation {unknown}
 n - a scroll of identify {unknown}
 r - 3 scrolls of amnesia {unknown}
 s - a scroll of fog {unknown}
 u - 2 scrolls of blinking {unknown}
 v - a scroll of random uselessness {unknown}
Potions
 b - a potion of curing {unknown}
 f - 2 potions of brilliance
 i - a potion of mutation {unknown}
 m - a potion of ambrosia {unknown}
 o - a potion of magic {unknown}
 z - a potion of cancellation {unknown}
 C - a potion of lignification {unknown}
 D - a potion of degeneration
Comestibles
 d - 3 rations
 B - 6 chunks of flesh


   Skills:
 + Level 2.2 Fighting
 * Level 2.7 Long Blades
 + Level 0.8 Armour
 + Level 3.4 Dodging
 + Level 6.0 Spellcasting
 + Level 6.0 Charms


You had 9 spell levels left.
You knew the following spells:

 Your Spells              Type           Power        Failure   Level  Hunger
a - Infusion              Chrm           ####         1%          1    None
b - Song of Slaying       Chrm           #####...     1%          2    None
c - Shroud of Golubria    Chrm/Tloc      ####......   5%          2    None
d - Spectral Weapon       Hex/Chrm       ####....     10%         3    ##.....

Your spell library contained the following spells:

 Spells                   Type           Power        Failure   Level  Hunger
 Regeneration             Chrm/Necr      ####......   10%         3    ##.....
 Sandblast                Erth           ###...       12%         1    None
 Passwall                 Tmut/Erth      ###.....     16%         2    None
 Stone Arrow              Conj/Erth      ###...       30%         3    ##.....
 Petrify                  Tmut/Erth      ###.....     63%         4    ####...
 Lee's Rapid Deconstruct  Erth           ###.......   89%         5    #####..


Dungeon Overview and Level Annotations

Branches:
Dungeon (3/15)

Altars:
Hepliaklqana


Message History

* * * LOW HITPOINT WARNING * * *
Something hits you but does no damage.
You hear some strange, mumbled words.
A puff of flame appears from out of thin air!
The puff of flame hits you!
* * * LOW HITPOINT WARNING * * *
You hear some strange, mumbled words.
A puff of frost appears from out of thin air!
The puff of frost hits you!
* * * LOW HITPOINT WARNING * * *
It was a potion of brilliance.
You feel clever all of a sudden. Something hits you but does no damage.
It was a potion of degeneration.
There was something very wrong with that liquid.
You feel weakened.
You feel dopey.
You feel clumsy.
You hear some strange, mumbled words.
A puff of flame appears from out of thin air!
The puff of flame hits you!
You die...

#.# #.#
#.# #)#
#.# #.#
#o# #.#
#@# #.#
#.# #.#
#)# . #.#
##. #.#
#...
#.########
#(#.
#........#
#.#.


You could see an orc.

Vanquished Creatures
  An orc wizard (D:3)
  3 orc priests (D:3)
  Robin (D:3)
  3 adders (D:2)
  3 gnolls (D:2)
  3 worms
  2 dart slugs (D:1)
  4 leopard geckos
  10 orcs (D:3)
  4 giant cockroaches
  18 goblins
  8 hobgoblins
  2 jackals (D:1)
  A quokka (D:2)
  A ball python (D:1)
  7 bats
  2 frilled lizards (D:2)
  6 kobolds
  4 rats
83 creatures vanquished.

Notes
Turn   | Place    | Note
-------+----------+-------------------------------------------
     0 | D:1      | Lilu the Deep Elf Skald began the quest for the Orb.
     0 | D:1      | Reached XP level 1. HP: 12/12 MP: 6/6
   307 | D:1      | Reached XP level 2. HP: 16/16 MP: 4/8
   309 | D:1      | Reached skill level 5 in Charms
   387 | D:1      | Learned a level 2 spell: Song of Slaying
   908 | D:1      | Reached XP level 3. HP: 20/20 MP: 6/10
  1364 | D:2      | Learned a level 2 spell: Shroud of Golubria
  1368 | D:2      | Learned a level 3 spell: Spectral Weapon
  1790 | D:2      | Found a hazy altar of Hepliaklqana.
  1797 | D:2      | Reached XP level 4. HP: 19/25 MP: 7/12
  2396 | D:2      | Reached skill level 5 in Spellcasting
  2824 | D:3      | Reached XP level 5. HP: 26/30 MP: 8/14
  3044 | D:3      | Noticed Robin
  3186 | D:3      | Killed Robin
  3426 | D:3      | Reached XP level 6. HP: 26/35 MP: 13/17
  3557 | D:3      | Killed from afar by an orc wizard

Skill      XL: |  1  2  3  4  5 |
---------------+----------------+-----
Charms         | 5 6 |  6.0
Spellcasting   | 4 5 6 |  6.0
Long Blades    | 2 |  2.7
Fighting       | 2 |  2.2
Dodging        | 3 |  3.4
Armour         | |  0.8

Action                   |  1- 3 |  4- 6 || total
-------------------------+-------+-------++-------
Melee: Falchion          |    94 |   106 ||   200
 Cast: Infusion          |    21 |    16 ||    37
       Song of Slaying   |     1 |     2 ||     3
       Shroud of Golubri |     1 |     5 ||     6
       Spectral Weapon   |       |     4 ||     4
  Use: Potion            |       |     2 ||     2
  Eat: Chunk             |     3 |     6 ||     9
Armor: Ring mail         |    37 |    29 ||    66
       Scale mail        |       |    16 ||    16
Dodge: Dodged            |    52 |    45 ||    97
       Rpst.: Falchion   |    17 |    12 ||    29
